 Dungeon Crawl Stone Soup version 0.32-a0-643-ga006e7742e (webtiles) character file.

Game seed: 6890699494672566076

384 CougarLife the Digger (level 6, -1/32 HPs)
             Began as a Gargoyle Earth Elementalist on Mar 7, 2024.
             Slain by a gnoll
             ... wielding a +0 flail
             ... led by a gnoll sergeant
              (8 damage)
             ... on level 5 of the Dungeon.
             The game lasted 00:03:20 (3663 turns).

CougarLife the Digger (Gargoyle Earth Elementalist) Turns: 3663, Time: 00:03:21

Health: -1/32      AC:  7    Str: 12    XL:     6   Next: 77%
Magic:  3/12       EV: 16    Int: 17    God:
Gold:   288        SH:  0    Dex: 10    Spells: 9/13 levels left

rFire   . . .        e - +0 dagger
rCold   . . .        (no shield)
rNeg    + . .        a - +0 robe
rPois   ∞            (no helmet)
rElec   +            y - +0 cloak
rCorr   .            (no gloves)
SInv    +            (no boots)
Will    .....        (no amulet)
Stlth   ++           v - +5 ring of evasion
HPRegen 0.25/turn    q - ring of see invisible
MPRegen 0.13/turn

%: no passive effects
@: no status effects
A: sickness immunity, AC +4, negative energy resistance 1, electricity
resistance, torment resistance 1, petrification resistance
a: no special abilities


You were on level 5 of the Dungeon.
You visited 1 branch of the dungeon, and saw 5 of its levels.

You collected 288 gold pieces.

Inventory:

Hand Weapons
 e - a +0 dagger (weapon)
Armour
 a - a +0 robe (worn)
 y - a +0 cloak (worn)
Jewellery
 q - a ring of see invisible (right hand)
 s - a ring of positive energy
 v - a +5 ring of evasion (left hand)
Wands
 w - a wand of polymorph (9)
Scrolls
 d - 5 scrolls of identify {unknown}
 f - 3 scrolls of fog {unknown}
 h - a scroll of blinking {unknown}
 j - 2 scrolls of noise {unknown}
 k - a scroll of poison {unknown}
 l - 2 scrolls of amnesia {unknown}
 u - 2 scrolls of teleportation {unknown}
Potions
 b - a potion of magic
 c - a potion of enlightenment {unknown}
 g - 2 potions of brilliance {unknown}
 i - a potion of cancellation {unknown}
 m - 3 potions of degeneration {unknown}
 n - a potion of ambrosia {unknown}
 o - a potion of might {unknown}
 p - a potion of heal wounds {unknown}
 r - a potion of haste {unknown}
 t - a potion of mutation {unknown}
 x - a potion of lignification {unknown}


   Skills:
 - Level 1.5 Dodging
 - Level 2.1 Stealth
 + Level 4.0 Spellcasting
 + Level 4.1 Conjurations
 + Level 5.9 Earth Magic


You had 9 spell levels left.
You knew the following spells:

 Your Spells              Type           Power      Damage    Failure   Level
a - Sandblast             Erth           46%        2d11      1%          1
b - Stone Arrow           Conj/Erth      40%        3d9       6%          3

Your spell library contained the following spells:

 Spells                   Type           Power      Damage    Failure   Level
 Magic Dart               Conj           68%        1d6       2%          1
 Searing Ray              Conj           34%        2d5       4%          2
 Passwall                 Erth           23%        N/A       4%          3
 Static Discharge         Conj/Air       20%        3-4/arc   10%         2
 Summon Small Mammal      Summ           12%        N/A       16%         1
 Brom's Barrelling Bould  Conj/Erth      20%        2d4       21%         4
 Ensorcelled Hibernation  Hex/Ice        6%         N/A       24%         2
 Call Canine Familiar     Summ           3%         N/A       43%         3
 Sigil of Binding         Hex            3%         N/A       43%         3
 Swiftness                Air            3%         N/A       43%         3
 Petrify                  Alch/Erth      13%        N/A       43%         4
 Fulminant Prism          Conj/Alch      5%         3d6       54%         4
 Airstrike                Air            1%         2d(1-17)  83%         4
 Dimensional Bullseye     Hex/Tloc       1%         N/A       83%         4
 Summon Blazeheart Golem  Fire/Summ      3%         N/A       83%         4
 Summon Lightning Spire   Summ/Air       3%         N/A       83%         4


Dungeon Overview and Level Annotations

Branches:
Dungeon (5/15)
 Temple: D:4-7

Altars:
Elyvilon
Makhleb

Shops:
D:1 [:

Annotations:
D:3 2 transporters


Innate Abilities, Weirdness & Mutations

You are immune to sickness and miasma.
Your stone body is resilient. (AC +4)
You are immune to poison.
You resist negative energy. (rN+)
You are resistant to electric shocks. (rElec)
You are resistant to unholy torment.
You are immune to petrification.


Message History

Confirm with . or Enter, or press ? or * to list all spells.
Aiming: Stone Arrow (dangerous; 6% risk of failure)
Press: ? - help, Shift-Dir - straight line, f/p - gnoll
Aim: a gnoll, wielding a +0 spear (75% to hit)
The stone arrow hits the gnoll!
The gnoll is severely wounded.
The gnoll hits you from afar with a +0 spear.
The gnoll attacks as it pursues you! The gnoll completely misses you.
Casting: Stone Arrow (dangerous; 6% risk of failure)
Confirm with . or Enter, or press ? or * to list all spells.
Aiming: Stone Arrow (dangerous; 6% risk of failure)
Press: ? - help, Shift-Dir - straight line, f/p - gnoll
Aim: a gnoll, wielding a +0 spear (severely wounded, 75% to hit)
The stone arrow hits the gnoll.
The gnoll is severely wounded.
The gnoll completely misses you.
Casting: Stone Arrow (dangerous; 6% risk of failure)
Confirm with . or Enter, or press ? or * to list all spells.
Aiming: Sandblast (safe; 1% risk of failure)
Press: ? - help, Shift-Dir - straight line, f/p - gnoll
Aim: a gnoll, wielding a +0 spear (severely wounded, 85% to hit)
The blast of sand hits the gnoll.
You kill the gnoll!
The gnoll shouts!
You hear a shout!
The gnoll sergeant closely misses you.
A gnoll comes into view. It is wielding a +0 whip.
The gnoll sergeant attacks as it pursues you!
The gnoll sergeant hits you from afar with a +4 heavy spear!
You see here 5 javelins.
The gnoll sergeant hits you from afar with a +4 heavy spear!
* * * LOW HITPOINT WARNING * * *
The gnoll sergeant attacks as it pursues you!
The gnoll sergeant misses you.
The gnoll shouts!
The gnoll attacks as it pursues you! The gnoll closely misses you.
The gnoll attacks as it pursues you! The gnoll misses you.
The gnoll attacks as it pursues you! The gnoll hits you with a +0 flail.
* * * LOW HITPOINT WARNING * * *
The gnoll attacks as it pursues you! The gnoll hits you with a +0 flail!
You die...

....# #... ....#### #...
..#....## #... #.####..#
#... #..# ##.### ########
#(.. ##.# #...###
#......# #... ###...###
#......######...
###...####...g...........
###...@g..g.g..........
#####................ # .
#.............##. ##...
#........#######. ....
#........# ## #...
......##### # #.##
#......# # #.####
#....... ...... ........


You could see a gnoll sergeant and 3 gnolls.

Vanquished Creatures
  A scorpion (D:4)
  2 howler monkeys
  3 hounds
  An iguana (D:5)
  A gnoll (D:5)
  4 adders
  A white imp (D:5)
  2 dart slugs
  2 ribbon worms
  4 orcs
  8 endoplasms
  2 giant cockroaches
  5 goblins
  6 hobgoblins
  9 jackals
  5 quokkas
  2 ball pythons (D:3)
  2 bats (D:1)
  4 frilled lizards
  6 kobolds
  3 rats
73 creatures vanquished.

Notes
Turn   | Place    | Note
-------+----------+-------------------------------------------
     0 | D:1      | CougarLife the Gargoyle Earth Elementalist began the quest
                  | for the Orb.
     0 | D:1      | Reached XP level 1. HP: 10/10 MP: 3/3
    62 | D:1      | Found Gucsiotha's Book Shop.
   116 | D:1      | Found Vaer's Armour Emporium.
   274 | D:1      | Reached XP level 2. HP: 12/15 MP: 1/5
   427 | D:1      | Reached skill level 4 in Earth Magic
   716 | D:1      | Reached XP level 3. HP: 19/19 MP: 4/6
  1587 | D:3      | Found a transporter.
  1606 | D:3      | Found a transporter.
  1715 | D:3      | Found a faded altar of an unknown god.
  1786 | D:3      | Reached XP level 4. HP: 24/24 MP: 6/8
  2524 | D:4      | Found a burning altar of Makhleb.
  2623 | D:4      | Noticed a scorpion
  2646 | D:4      | Reached XP level 5. HP: 22/28 MP: 7/9
  2723 | D:4      | Reached skill level 5 in Earth Magic
  2780 | D:4      | Learned a level 3 spell: Stone Arrow
  2972 | D:4      | Reached XP level 6. HP: 32/32 MP: 3/11
  3343 | D:5      | Entered Level 5 of the Dungeon
  3441 | D:5      | Found a white marble altar of Elyvilon.
  3663 | D:5      | Slain by a gnoll

Illustrated notes

Levels and vault maps discovered:
D:1:      minmay_arrival_diagonal_passages, layout_rooms, serial_corexii_hall,
          corexii_hall_statues_l, chequers_hall_statues_y, serial_shops,
          nicolae_shop_stone, nicolae_shop_tiny_glass, minmay_split_cup_small
D:2:      layout_basic, minmay_pentomino_pile
D:3:      gammafunk_steamed_eel, layout_loops_ring,
          shapermc_ecumenical_altar_gd, minmay_liquid_box,
          chequers_serial_rivers_small_a, kennysheep_small_spiral
D:4:      layout_cave_pools, makhleb_heckhound_becter
D:5:      layout_basic, nicolae_overflow_quartered_altars,
          mainiacjoe_overflow_catwalk, uniq_eustachio

Skill      XL: |  1  2  3  4  5  6 |
---------------+-------------------+-----
Earth Magic    | 4 5 |  5.9
Conjurations   | 2 3 4 |  4.1
Spellcasting   | 3 4 |  4.0
Dodging        | |  1.5
Stealth        | |  2.1

Action                     |  1- 3 |  4- 6 || total
---------------------------+-------+-------++-------
  Melee: Dagger            |     8 |     5 ||    13
   Cast: Sandblast         |    55 |    67 ||   122
         Stone Arrow       |       |     4 ||     4
 Armour: Robe              |    14 |    30 ||    44
  Dodge: Dodged            |    27 |    36 ||    63

Table legend: (Time is in decaauts)
 A = Elapsed time spent in this place.
 B = Non-inter-level travel time spent in this place.
 C = Inter-level travel time spent in this place.
 D = Time resting spent in this place.
 E = Time spent auto-exploring this place.
 F = Levels seen in this place.
 G = Mean time per level.
                   A        B        C        D        E       F      G
               +--------+--------+--------+--------+--------+-----+--------+
         Total |   3729 |   3610 |    119 |    188 |   2881 |   5 |  745.8 |
       Dungeon |   3729 |   3610 |    119 |    188 |   2881 |   5 |  745.8 |
               +--------+--------+--------+--------+--------+-----+--------+

Top non-repeatable levels by time:
     D:3: 1005 daAuts
     D:1: 908 daAuts
     D:4: 863 daAuts
     D:2: 623 daAuts
     D:5: 329 daAuts
